 Dungeon Sprint DCSS version 0.31-a0-460-g9e667d4245 (webtiles) character file.

Game seed: 16024723398454604337

27456 rocky1 the Sensei (level 13, 0/104 HPs)
             Began as an Octopode Shapeshifter on Aug 5, 2023.
             Was an Initiate of Gozag.
             Slain by a merfolk
             ... wielding a +0 trident
              (15 damage)
             ... in the Dungeon (Sprint IX: "|||||||||||||||||||||||||||||").
             The game lasted 00:15:28 (7222 turns).

rocky1 the Sensei (Octopode Shapeshifter)           Turns: 7222, Time: 00:15:29

Health: 0/104      AC:  1    Str: 15    XL:     13   Next: 32%
Magic:  13/13      EV: 23    Int: 12    God:    Gozag
Gold:   463        SH:  0    Dex: 15    Spells: 12/12 levels left

rFire   + +          +
                       - Unarmed
rCold   + . .        (no shield)
rNeg    + . .        (helmet currently unavailable)
rPois   .            x - amulet of regeneration
rElec   .            l - +2 ring of evasion
rCorr   .            G - ring of protection from fire
SInv    +            i - ring of protection from cold
Will    .....        H - ring of protection from fire
Stlth   +++++++      I - ring of see invisible
HPRegen 1.17/turn    y - ring of fire
MPRegen 0.13/turn    z - ring of positive energy
                     F - ring of protection from cold

%: no teleportation
@: beast-form, gold aura
A: beast (slay +7), almost no armour, amphibious, 8 rings, camouflage 1,
gelatinous body 1, (nimble swimmer 1), tentacles
a: Begin Untransformation, Renounce Religion, Potion Petition, Call Merchant,
Bribe Branch


You were in the Dungeon.
You worshipped Gozag.
Gozag was aware of your devotion.
You were a hulking beast.
You visited 1 branch You collected 10864 gold pieces.
You spent 5170 gold pieces at shops.
You paid 5231 gold pieces to Gozag.

Inventory:

Missiles
 q - 2 atropa-tipped darts
Armour
 g - a +2 hat
Jewellery
 i - a ring of protection from cold (on tentacle)
 l - a +2 ring of evasion (left tentacle)
 m - a +3 ring of intelligence
 s - a +6 ring of intelligence
 w - a ring of ice
 x - an amulet of regeneration (around mantle)
 y - a ring of fire (on tentacle)
 z - a ring of positive energy (on tentacle)
 F - a ring of protection from cold (on tentacle)
 G - a ring of protection from fire (right tentacle)
 H - a ring of protection from fire (on tentacle)
 I - a ring of see invisible (on tentacle)
Talismans
 b - a beast talisman (active)
 v - a maw talisman
Wands
 k - a wand of roots (9)
 E - a wand of flame (5)
Scrolls
 j - 5 scrolls of amnesia
 n - 2 scrolls of enchant armour
 o - 4 scrolls of identify
 p - 4 scrolls of enchant weapon
 A - 2 scrolls of vulnerability
 B - a scroll of poison
 C - a scroll of silence
 D - a scroll of immolation
Potions
 a - a potion of lignification
 c - 10 potions of curing
 d - 3 potions of heal wounds
 e - 3 potions of berserk rage
 f - 4 potions of magic
 h - 2 potions of mutation
 r - 2 potions of invisibility
 t - a potion of ambrosia
 u - a potion of brilliance
 K - a potion of might
 L - 2 potions of haste


   Skills:
 + Level 15.5 Fighting
 + Level 15.6 Dodging
 - Level 15.4 Stealth
 + Level 21.2 Unarmed Combat
 * Level 12.2 Shapeshifting


You had 12 spell levels left.
You didn't know any spells.
Your spell library was empty.

Dungeon Overview and Level Annotations

Branches:
Dungeon (1/1)

Altars:
Cheibriados
Dithmenos
Elyvilon
Fedhas
Gozag
Hepliaklqana
Kikubaaqudgha
Makhleb
Nemelex Xobeh
Okawaru
Qazlal
Ru
Sif Muna
Trog
Uskayaw
Vehumet
Wu Jian
Xom
Yredelemnul
Zin
The Shining One
Jiyva
Lugonu

Shops:
D *[?(:!


Innate Abilities, Weirdness & Mutations

You are a hulking beast.
Your limbs bulge with bestial killing power. (Slay +7)
You cannot wear most types of armour.
You are amphibious.
You can wear up to eight rings at the same time.
Your skin changes colour to match your surroundings (Stealth+).
Your rubbery body absorbs attacks. (AC +1, EV +1)
((You are camouflaged when in or above water. (Stealth+)))
You have tentacles for arms and can constrict up to eight enemies at once.


Message History

54 gold pieces; a +0 trident You barely miss the snapping turtle.
You grab the snapping turtle.
You constrict the snapping turtle, but do no damage.
The snapping turtle bites you!! The merfolk misses you.
You batter the snapping turtle!!
You squeeze the snapping turtle, but do no damage.
The snapping turtle is heavily wounded.
You constrict the snapping turtle.
You hear a shout!
The snapping turtle completely misses you.
You tentacle-slap the snapping turtle. You squeeze the snapping turtle!
The snapping turtle is severely wounded.
You constrict the snapping turtle, but do no damage.
The merfolk hits you from afar with a +0 trident!!
* * * LOW HITPOINT WARNING * * *
You bludgeon the snapping turtle!
The snapping turtle is almost dead.
You constrict the snapping turtle, but do no damage.
The snapping turtle closely misses you.
You bludgeon the snapping turtle!
You kill the snapping turtle!
The merfolk barely misses you.
Unknown command.
You see here 351 gold pieces.
Things that are here:
63 gold pieces; a +0 trident
There is an open door to the Shoals here.
Okay, then.
Okay, then.
You feel better.
The merfolk hits you from afar with a +0 trident.
The merfolk hits you with a +0 trident!!
* * * LOW HITPOINT WARNING * * *
There is an open door to the Shoals, spattered with blood here.
The water nymph shouts!
You batter the merfolk!! You grab the merfolk. You tentacle-slap the merfolk!
The merfolk is almost dead.
You constrict the merfolk. The merfolk hits you with a +0 trident!
You die...
Your body crumbles into a pile of gold.

▓..........∩..'))))))))))...'))))
▓▓▓▓▓▓▓▓▓▓▓▓▓▓▓▓▓▓▓▓▓▓▓▓▓▓▓▓▓▓▓▓▓
▓................................
▓.▓▓▓▓▓▓▓▓▓▓▓▓▓▓▓▓▓▓▓▓▓▓▓▓▓▓▓▓▓▓▓
▓.........'.....)))))))).[[[[[[[[
▓▓▓▓▓▓▓▓▓▓▓▓▓▓▓▓▓▓▓▓▓▓▓▓▓▓▓▓▓▓▓▓▓
▓................................
▓.▓▓▓▓▓▓▓▓▓▓▓▓▓▓▓▓▓▓▓▓▓▓▓▓▓▓▓▓▓▓▓
▓..............§hmEm$~~.m
▓▓▓▓▓▓▓▓▓▓▓▓▓▓▓▓▓▓▓▓▓▓▓▓▓


You could see a merfolk, a water elemental and a water nymph.

Vanquished Creatures
  Gastronok (D)
  5 stone giants (D)
  An ettin (D)
  A spriggan air mage (D)
  4 ogre magi (D)
  2 centaur warriors (D)
  Erica (D)
  A vampire mage (D)
  3 deep trolls (D)
  3 lindwurms (D)
  2 deep elf pyromancers (D)
  3 orc knights (D)
  3 ugly things (D)
  3 manticores (D)
  A merfolk siren (D)
  Maurice (D)
  4 cane toads (D)
  A torpor snail (D)
  2 rime drakes (D)
  A yaktaur (D)
  A freezing wraith (D)
  A komodo dragon (D)
  2 unseen horrors (D)
  A merfolk (D)
  5 trolls (D)
  A tengu conjurer (D)
  2 tyrant leeches (D)
  A blink frog (D)
  A snapping turtle (D)
  2 slime creatures (D)
  A wyvern (D)
  2 yaks (D)
  A basilisk (D)
  3 water moccasins (D)
  8 orc warriors (D)
  A centaur (D)
  3 bullfrogs (D)
  A scorpion (D)
  A howler monkey (D)
  A hound (D)
  6 orc priests (D)
  An iguana (D)
  5 orc wizards (D)
  A white imp (D)
  3 worms (D)
  4 orcs (D)
  2 endoplasms (D)
  A goblin (D)
  A jackal (D)
  A frilled lizard (D)
  A rat (D)
108 creatures vanquished.

Vanquished Creatures (others)
  An orc high priest (D)
1 creature vanquished.

Grand Total: 109 creatures vanquished

Notes
Turn   | Place    | Note
-------+----------+-------------------------------------------
     0 | D        | rocky1 the Octopode Shapeshifter began the quest for the
                  | Orb.
     0 | D        | Reached XP level 1. HP: 13/13 MP: 1/1
    41 | D        | Noticed a scorpion
    41 | D        | Noticed an iguana
    41 | D        | Noticed a hound
    46 | D        | Reached skill level 4 in Unarmed Combat
    46 | D        | Reached XP level 2. HP: 19/19 MP: 2/2
    50 | D        | Killed a scorpion
    51 | D        | Reached skill level 5 in Unarmed Combat
    51 | D        | Reached XP level 3. HP: 9/26 MP: 3/3
    51 | D        | Reached XP level 4. HP: 10/31 MP: 4/4
    53 | D        | Reached skill level 6 in Unarmed Combat
    57 | D        | Reached XP level 5. HP: 4/37 MP: 5/5
   485 | D        | Found a snail-covered altar of Cheibriados.
   485 | D        | Found a shadowy altar of Dithmenos.
   485 | D        | Found a white marble altar of Elyvilon.
   485 | D        | Found a blossoming altar of Fedhas.
   485 | D        | Found an opulent altar of Gozag.
   486 | D        | Found a hazy altar of Hepliaklqana.
   487 | D        | Found a viscous altar of Jiyva.
   488 | D        | Found an ancient bone altar of Kikubaaqudgha.
   489 | D        | Found a corrupted altar of Lugonu.
   490 | D        | Found a burning altar of Makhleb.
   491 | D        | Found a sparkling altar of Nemelex Xobeh.
   492 | D        | Found an iron altar of Okawaru.
   493 | D        | Became a worshipper of Gozag Ym Sagoz the Greedy
   494 | D        | Found a stormy altar of Qazlal.
   495 | D        | Found a sacrificial altar of Ru.
   496 | D        | Found a shimmering blue altar of Sif Muna.
   497 | D        | Found a bloodstained altar of Trog.
   498 | D        | Found a hide-covered altar of Uskayaw.
   499 | D        | Found a radiant altar of Vehumet.
   500 | D        | Found an ornate altar of the Wu Jian Council.
   501 | D        | Found a shimmering altar of Xom.
   502 | D        | Found a basalt altar of Yredelemnul.
   503 | D        | Found a glowing silver altar of Zin.
   504 | D        | Found a glowing golden altar of the Shining One.
   531 | D        | Noticed an orc warrior
   531 | D        | Noticed a centaur
   531 | D        | Noticed a troll
   535 | D        | Killed an orc warrior
   536 | D        | Reached skill level 5 in Fighting
   536 | D        | Reached skill level 5 in Dodging
   536 | D        | Reached skill level 8 in Unarmed Combat
   536 | D        | Reached skill level 5 in Shapeshifting
   538 | D        | Reached XP level 6. HP: 45/45 MP: 6/6
   541 | D        | Killed an unseen horror
   542 | D        | Reached skill level 10 in Unarmed Combat
   542 | D        | Reached XP level 7. HP: 34/53 MP: 7/7
   830 | D        | Killed an unseen horror
   831 | D        | Reached skill level 11 in Unarmed Combat
   831 | D        | Reached XP level 8. HP: 13/61 MP: 8/8
   834 | D        | Killed a troll
  1224 | D        | Noticed a centaur warrior
  1224 | D        | Noticed a slime creature
  1224 | D        | Noticed a brown ugly thing
  1224 | D        | Noticed a deep elf pyromancer
  1224 | D        | Noticed a slime creature
  1224 | D        | Noticed a purple ugly thing
  1231 | D        | Killed a centaur warrior
  1232 | D        | Reached skill level 12 in Unarmed Combat
  1232 | D        | Reached XP level 9. HP: 64/67 MP: 9/9
  1244 | D        | Killed a brown ugly thing
  1245 | D        | Reached skill level 13 in Unarmed Combat
  1248 | D        | Killed a deep elf pyromancer
  1249 | D        | Reached skill level 10 in Dodging
  1249 | D        | Reached skill level 14 in Unarmed Combat
  1257 | D        | Reached skill level 10 in Fighting
  1263 | D        | Killed a purple ugly thing
  1769 | D        | Noticed a cane toad
  1769 | D        | Noticed a torpor snail
  1769 | D        | Noticed a cane toad
  1773 | D        | Killed a cane toad
  1774 | D        | Reached XP level 10. HP: 56/77 MP: 10/10
  1780 | D        | Killed a torpor snail
  1782 | D        | Noticed a cane toad
  1783 | D        | Reached skill level 15 in Unarmed Combat
  1787 | D        | Killed a cane toad
  1793 | D        | Reached skill level 1 in Stealth
  1795 | D        | Killed a cane toad
  2174 | D        | Noticed a cane toad
  2187 | D        | Reached skill level 10 in Shapeshifting
  2528 | D        | Bought 2 atropa-tipped darts for 32 gold pieces
  2528 | D        | Bought a potion of curing for 54 gold pieces
  2528 | D        | Bought a potion of heal wounds for 90 gold pieces
  2528 | D        | Bought a potion of enlightenment for 90 gold pieces
  2528 | D        | Bought a potion of heal wounds for 90 gold pieces
  2528 | D        | Bought 2 potions of curing for 108 gold pieces
  2530 | D        | Bought a potion of degeneration for 18 gold pieces
  2539 | D        | Reached skill level 16 in Unarmed Combat
  2544 | D        | Reached skill level 5 in Stealth
  2553 | D        | Killed a cane toad
  2990 | D        | Noticed a lindwurm
  2990 | D        | Noticed a lindwurm
  2994 | D        | Noticed a lindwurm
  3001 | D        | Reached XP level 11. HP: 36/85 MP: 11/11
  3259 | D        | Killed a lindwurm
  3262 | D        | Killed a lindwurm
  3268 | D        | Reached skill level 17 in Unarmed Combat
  3272 | D        | Killed a lindwurm
  3632 | D        | Noticed Gastronok
  3645 | D        | Killed Gastronok
  3925 | D        | Bought a potion of curing for 45 gold pieces
  3925 | D        | Bought a potion of berserk rage for 75 gold pieces
  3925 | D        | Bought a potion of berserk rage for 75 gold pieces
  3925 | D        | Bought a potion of heal wounds for 75 gold pieces
  3925 | D        | Bought a potion of invisibility for 120 gold pieces
  3925 | D        | Bought a potion of heal wounds for 75 gold pieces
  3925 | D        | Bought a potion of ambrosia for 120 gold pieces
  3925 | D        | Bought a potion of brilliance for 60 gold pieces
  3925 | D        | Bought a potion of curing for 45 gold pieces
  3925 | D        | Bought a potion of curing for 45 gold pieces
  3925 | D        | Bought a potion of mutation for 120 gold pieces
  4336 | D        | Noticed an orc knight
  4338 | D        | Noticed an orc knight
  4342 | D        | Noticed an orc high priest
  4350 | D        | Killed an orc knight
  4351 | D        | Reached skill level 10 in Stealth
  4358 | D        | Killed an orc knight
  4359 | D        | Reached skill level 18 in Unarmed Combat
  4364 | D        | Killed an orc high priest
  4681 | D        | Found Cioried's Antique Armour Emporium.
  4681 | D        | Noticed a deep troll
  4681 | D        | Noticed a deep troll
  4681 | D        | Noticed a deep troll
  4682 | D        | Noticed an ogre mage
  4683 | D        | Killed a deep troll
  4684 | D        | Found Dinicome's Magic Scroll Shoppe.
  4684 | D        | Noticed an ettin
  4688 | D        | Noticed an ogre mage
  4691 | D        | Killed a deep troll
  4691 | D        | Noticed a stone giant
  4692 | D        | Reached XP level 12. HP: 80/94 MP: 12/12
  4694 | D        | Found Picet's Jewellery Emporium.
  4699 | D        | Paralysed by something for 5 turns
  4706 | D        | Killed an ogre mage
  4707 | D        | Reached skill level 19 in Unarmed Combat
  5003 | D        | Killed an ettin
  5385 | D        | Paralysed by an ogre mage for 3 turns
  5389 | D        | Killed an ogre mage
  5484 | D        | Noticed an ogre mage
  5486 | D        | Paralysed by an ogre mage for 4 turns
  5493 | D        | Killed an ogre mage
  5510 | D        | Killed a stone giant
  5515 | D        | Found Sadek's Antique Weapon Shoppe.
  5807 | D        | Noticed an ogre mage
  5815 | D        | Killed an ogre mage
  6017 | D        | Bought an encrusted demon blade for 400 gold pieces
  6017 | D        | Identified the +0 demon blade "Inigiol" {drain, rCorr Dex-2
                  | SInv} (You bought it in a shop in the Dungeon)
  6020 | D        | Bought a ring of protection from cold for 275 gold pieces
  6020 | D        | Bought a +6 ring of intelligence for 396 gold pieces
  6020 | D        | Bought a maw talisman for 440 gold pieces
  6020 | D        | Bought a ring of ice for 275 gold pieces
  6020 | D        | Bought an amulet of regeneration for 330 gold pieces
  6020 | D        | Bought a ring of fire for 275 gold pieces
  6020 | D        | Bought a ring of positive energy for 220 gold pieces
  6022 | D        | Bought a scroll of vulnerability for 44 gold pieces
  6022 | D        | Bought a scroll of amnesia for 44 gold pieces
  6022 | D        | Bought a scroll of amnesia for 44 gold pieces
  6022 | D        | Bought a scroll of poison for 44 gold pieces
  6022 | D        | Bought a scroll of silence for 104 gold pieces
  6022 | D        | Bought a scroll of amnesia for 44 gold pieces
  6022 | D        | Bought a scroll of immolation for 44 gold pieces
  6022 | D        | Bought a scroll of vulnerability for 44 gold pieces
  6478 | D        | Noticed Maurice
  6485 | D        | Killed Maurice
  6486 | D        | Reached skill level 20 in Unarmed Combat
  6609 | D        | Noticed a centaur warrior
  6624 | D        | Noticed a spriggan air mage
  6631 | D        | Killed a centaur warrior
  6635 | D        | Noticed a stone giant
  6640 | D        | Noticed a stone giant
  6644 | D        | Noticed a stone giant
  6647 | D        | Noticed a stone giant
  6649 | D        | Killed a spriggan air mage
  6650 | D        | Reached skill level 15 in Dodging
  6650 | D        | Noticed a vampire mage
  6656 | D        | Killed a stone giant
  6663 | D        | Killed a stone giant
  6664 | D        | Reached skill level 15 in Fighting
  6664 | D        | Reached XP level 13. HP: 52/103 MP: 13/13
  6670 | D        | Killed a stone giant
  6671 | D        | Reached skill level 15 in Stealth
  6672 | D        | HP: 4/103 [tengu conjurer/bolt of lightning (32)]
  6678 | D        | Killed a stone giant
  6685 | D        | Reached skill level 21 in Unarmed Combat
  6983 | D        | Bought a potion of berserk rage for 90 gold pieces
  6983 | D        | Bought a potion of invisibility for 144 gold pieces
  6983 | D        | Bought a potion of invisibility for 144 gold pieces
  6983 | D        | Bought a potion of might for 72 gold pieces
  6983 | D        | Bought 2 potions of haste for 360 gold pieces
  7102 | D        | Noticed Erica
  7110 | D        | Killed Erica
  7222 | D        | Slain by a merfolk

Illustrated notes

Levels and vault maps discovered:
D:        linesprint [early_d, line_temple, items_1, d_10, items_2, lair_1,
          lair_end, items_3, orc_1, orc_end, items_4, d_15, swamp_1, shoals_1,
          snake_1, spider_1, d_20, vaults_1, items_5, swamp_end, shoals_end,
          snake_end, spider_end, vaults_end, d_27, items_6, zot_1, zot_end,
          crypt_end, forest_end, elf_end, slime_end, tomb_end, abyss_end,
          pan_hell_end]

Skill      XL: |  1  2  3  4  5  6  7  8  9 10 11 12 13 |
---------------+----------------------------------------+-----
Fighting       | 2 3 4 5 6 7 8 10 11 13 15 | 15.5
Unarmed Combat | 4 5 6 8 10 11 12 14 16 18 20 21 | 21.2
Dodging        | 3 4 5 6 7 9 10 11 13 15 | 15.6
Shapeshifting  | 4 5 6 7 8 9 10 11 12 | 12.2
Stealth        | 6 11 14 15 | 15.4

Action                     |  1- 3 |  4- 6 |  7- 9 | 10-12 | 13-15 || total
---------------------------+-------+-------+-------+-------+-------++-------
  Melee: Unarmed           |    18 |    15 |    53 |   214 |    36 ||   336
         Constrict         |     4 |     4 |     4 |    28 |     5 ||    45
         Tentacles         |     3 |     6 |    14 |    58 |    12 ||    93
         Punch             |     2 |     1 |     3 |    29 |     7 ||    42
 Invoke: Call Merchant     |       |       |       |     3 |     1 ||     4
         Potion Petition   |       |       |       |     4 |     1 ||     5
  Evoke: Wand              |       |       |       |     1 |       ||     1
    Use: Potion            |       |     1 |     8 |     9 |     3 ||    21
         Scroll            |       |       |     2 |     2 |     1 ||     5
   Stab: Invisible         |       |       |    11 |     6 |     1 ||    18
         Sleeping          |       |       |     1 |     9 |     1 ||    11
         Distracted        |       |       |       |     2 |       ||     2
 Armour: Skin              |       |     1 |     2 |       |       ||     3
  Dodge: Dodged            |     7 |     3 |    22 |    61 |    18 ||   111
   Form: Beast             |       |       |       |     1 |       ||     1
         Maw               |       |       |       |     1 |       ||     1

Table legend: (Time is in decaauts)
 A = Elapsed time spent in this place.
 B = Non-inter-level travel time spent in this place.
 C = Inter-level travel time spent in this place.
 D = Time resting spent in this place.
 E = Time spent auto-exploring this place.
 F = Levels seen in this place.
 G = Mean time per level.
                   A        B        C        D        E       F      G
               +--------+--------+--------+--------+--------+-----+--------+
         Total |   7104 |   7104 |      0 |   5613 |      0 |   1 | 7104.0 |
       Dungeon |   7104 |   7104 |      0 |   5613 |      0 |   1 | 7104.0 |
               +--------+--------+--------+--------+--------+-----+--------+

Top non-repeatable levels by time:
       D: 7104 daAuts
